 Dungeon Crawl Stone Soup version 0.16.1-4-g8e1b745 (console) character file.

23 gw the Charlatan (level 2, 0/16 HPs)
             Began as a Deep Elf Artificer on Mar 28, 2015.
             Slain by a jackal (3 damage)
             ... on level 3 of the Dungeon.
             The game lasted 00:01:04 (1115 turns).

gw the Charlatan (Deep Elf Artificer)               Turns: 1115, Time: 00:01:05

Health: 0/16       AC:  3    Str:  8    XL:     2   Next: 72%
Magic:  5/5        EV: 12    Int: 16    God:
Gold:   25         SH:  0    Dex: 15    Spells: 0 memorised, 1 level left

rFire  . . .     SeeInvis .     a - +0 short sword
rCold  . . .     Clarity  .     e - +0 leather armour
rNeg   . . .     SustAb   .     (no shield)
rPois  .         Gourm    .     (no helmet)
rElec  .         Spirit   .     (no cloak)
rCorr  .         Warding  .     (no gloves)
rMut   .         Stasis   .     (no boots)
MR     .....                    (no amulet)
Stlth  ++........               (no ring)
                                (no ring)

@: not resistant to hostile enchantments, unstealthy
A: no striking features
a: no special abilities


You were on level 3 of the Dungeon.
You were not hungry.

You visited 1 branch of the dungeon, and saw 3 of its levels.

You collected 25 gold pieces.

Inventory:

Hand weapons
 a - a +0 short sword (weapon)
Armour
 e - a +0 leather armour (worn)
Magical devices
 b - a wand of flame (10)
 c - a wand of enslavement (13)
 d - a wand of random effects (10)
Scrolls
 g - a scroll of fog {unknown}
Potions
 h - a potion of flight {unknown}
Comestibles
 f - a bread ration


   Skills:
 + Level 1.2 Fighting
 * Level 2.2 Short Blades
 + Level 2.7 Dodging
 - Level 1.2 Stealth
 - Level 3.2 Evocations


You had one spell level left.
You didn't know any spells.

Dungeon Overview and Level Annotations

Branches:
Dungeon (3/15)

Altars:

Annotations:
D:2 exclusion: downstairs


Message History

You closely miss the jackal.
The jackal is moderately wounded.
The jackal barely misses you.
Unknown command.
Unknown command.
Unknown command.
Unknown command.
ATTACKING (-1,0)
You hit the jackal but do no damage.
The jackal is moderately wounded.
The jackal closely misses you.
Unknown command.
Unknown command.
Unknown command.
Unknown command.
ATTACKING (-1,0)
You hit the jackal.
The jackal is heavily wounded.
The jackal misses you. The jackal bites you.
You die...

###.### #.h...#
#+# ######.# #.#
#......# #.#
#.####.# ##.##
#h# #$.. ##...##
#.# #####
#####.....####.#
...........heh..#
#######.########
#.# #.# #.# #.#
############.#
#.........##.#
#.#######.##.#


You could see a jackal and a friendly jackal.

Table legend:
 A = Turns spent in this place as a percentage of turns spent in the entire game.
 B = Non-inter-level travel turns spent in this place as a percentage of non-inter-level travel turns spent in the entire game.
 C = Inter-level travel turns spent in this place as a percentage of turns spent in this place.
 D = Turns resting spent in this place as a percentage of non-inter-level travel turns spent in this place.
 E = Turns spent auto-exploring this place as a percentage of non-inter-level travel turns spent in this place.
 F = Non-inter-level travel turns spent in this place divided by the number of levels of this place that you've seen.
                   A       B       C       D       E      F
               +-------+-------+-------+-------+-------+----------------------
         Total | 100.0 | 100.0 |   1.9 |   2.3 |   1.7 | 471.0
       Dungeon | 100.0 | 100.0 |   1.9 |   2.3 |   1.7 | 471.0
               +-------+-------+-------+-------+-------+----------------------

Table legend:
 A = Kills in this place as a percentage of kills in entire the game.
 B = Kills by you in this place as a percentage of kills by you in the entire game.
 C = Kills by friends in this place as a percentage of kills by friends in the entire game.
 D = Other kills in this place as a percentage of other kills in the entire game.
 E = Experience gained in this place as a percentage of experience gained in the entire game.
 F = Experience gained in this place divided by the number of levels of this place that you have seen.
                   A       B       C       D       E      F
               +-------+-------+-------+-------+-------+----------------------
         Total | 100.0 | 100.0 | 100.0 |  -nan | 100.0 |  11.0
       Dungeon | 100.0 | 100.0 | 100.0 |  -nan | 100.0 |  11.0
               +-------+-------+-------+-------+-------+----------------------

Vanquished Creatures
  A white imp (D:3)
  A ball python (D:3)
  A giant cockroach (D:1)
  3 goblins
  A hobgoblin (D:3)
  A bat (D:2)
  9 rats
17 creatures vanquished.

Vanquished Creatures (collateral kills)
  A jackal (D:3)
1 creature vanquished.

Grand Total: 18 creatures vanquished

Notes
Turn   | Place    | Note
--------------------------------------------------------------
     0 | D:1      | gw, the Deep Elf Artificer, began the quest for the Orb.
     0 | D:1      | Reached XP level 1. HP: 11/11 MP: 2/2
    22 | D:1      | Reached skill level 1 in Fighting
   276 | D:1      | Reached XP level 2. HP: 14/16 MP: 5/5
   356 | D:3      | Noticed Grinder
   384 | D:3      | Noticed Grinder
   384 | D:3      | Grinder changed into Grinder the white imp
   385 | D:3      | Killed Grinder the white imp
  1115 | D:3      | Slain by a jackal

Action                   || total
-------------------------++-------
Melee: Short sword       ||    54
Evoke: Wand              ||    12
 Stab: Sleeping          ||     2
  Eat: Chunk             ||     1

Vault maps used:
D:1:      onia_arrival_larder
D:2:      lemuel_crystal_altar, bloody_trog, gammafunk_temple_overflow_claw,
          minmay_misc_feat_columns
D:3:      overflow_temple_1_default, overflow_temple_1_default, uniq_grinder,
          uniq_natasha
